 Dungeon Crawl Stone Soup version 0.21.1-1-g345015f (webtiles) character file.

247 letownia2 the Ducker (level 6, 0/44 HPs)
             Began as a Merfolk Venom Mage on Feb 13, 2018.
             Slain by an orc wizard
             ... wielding a +0 dagger
              (1 damage)
             ... on level 4 of the Dungeon.
             The game lasted 00:10:23 (1426 turns).

letownia2 the Ducker (Merfolk Venom Mage)           Turns: 1426, Time: 00:10:23

Health: 0/44       AC:  3    Str: 10    XL:     6   Next: 11%
Magic:  8/18       EV: 19    Int: 15    God:
Gold:   173        SH:  0    Dex: 19    Spells: 4/10 levels left

rFire    . . .     SeeInvis .   a - +2 short sword (speed)
rCold    . . .     Gourm    .   (no shield)
rNeg     . . .     Faith    .   m - +0 leather armour
rPois    .         Spirit   .   (no helmet)
rElec    .         Reflect  .   (no cloak)
rCorr    .         Harm     .   (no gloves)
MR       .....                  (no boots)
Stlth    +++.......             r - amulet of inaccuracy (curse)
HPRegen  0.14/turn              t - ring of magical power
MPRegen  0.16/turn              (no ring)

@: agile, lethally poisoned (0 -> -6), very slightly contaminated
A: change form in water, swift swim, stealthy swim
a: no special abilities


You were on level 4 of the Dungeon.
You were hungry.

You visited 1 branch of the dungeon, and saw 4 of its levels.

You collected 173 gold pieces.

Inventory:

Hand Weapons
 a - a +2 short sword of speed (weapon)
 b - a +1 flail of protection
 l - a +0 lajatang
 q - a +0 spear
Missiles
 j - 14 bolts
Armour
 g - a +0 robe
 m - a +0 leather armour (worn)
 n - a +0 ring mail
 p - a +0 robe of fire resistance
 u - a +0 ring mail
Jewellery
 r - a cursed amulet of inaccuracy (around neck)
 t - a ring of magical power (left hand)
Scrolls
 h - 2 scrolls of random uselessness
 s - 3 scrolls of identify
Potions
 e - a potion of lignification {unknown}
 i - a potion of invisibility {unknown}
 o - 2 potions of brilliance
Books
 k - a Young Poisoner's Handbook

   Spells                             Type                      Level
   a - Sting                          Conjuration/Poison           1
   b - Poisonous Vapours              Poison/Air                   2
   c - Mephitic Cloud                 Conjuration/Poison/Air       3
   d - Olgreb's Toxic Radiance        Poison                       4
   e - Venom Bolt                     Conjuration/Poison           5
Comestibles
 c - 5 rations
 d - 3 chunks of flesh


   Skills:
 + Level 1.7 Fighting
 + Level 4.6 Dodging
 - Level 2.3 Stealth
 + Level 2.5 Spellcasting
 + Level 2.5 Conjurations
 + Level 1.1 Air Magic
 - Level 4.1 Poison Magic


You had 4 spell levels left.
You knew the following spells:

 Your Spells              Type           Power        Failure   Level  Hunger
a - Sting                 Conj/Pois      ##..         8%          1    #......
e - Mephitic Cloud        Conj/Pois/Air  #.......     28%         3    ###....
v - Poisonous Vapours     Pois/Air       #.....       14%         2    ###....


Dungeon Overview and Level Annotations

Branches:
Dungeon (4/15)
 Temple: D:4-7

Altars:
Qazlal

Annotations:
D:3 Mgcat's ghost, amateur MiBe


Message History

Something hits you. The orc wizard hits you with a dagger.
* * * LOW HITPOINT WARNING * * *
The orc barely misses you.
A worker ant comes into view.
Unknown command.
You miss something.
The orc shouts!
The orc wizard hits you but does no damage.
The orc priest casts a cantrip, but nothing happens.
Something hits you.
* * * LOW HITPOINT WARNING * * *
You are poisoned.
The orc wizard gestures at you while chanting.
The magic dart hits you!
* * * LOW HITPOINT WARNING * * *
It was a potion of agility.
You feel agile all of a sudden.
* * * LOW HITPOINT WARNING * * *
You feel sick. The orc wizard hits you with a dagger.
You die...

............Z..##......#
...............##o.....#
...............##.##.....
.##.#..........##o# ...os
...............##o# ....
...........######.####...
...........# #o........
####.......# #oo.......
####.......# #@....a...
...........# #oo.......
.....>..#### ..........
........# ...........
........# ##..........
###.....# #....o..... #
#.....# #.......... #
#.....# #......... #
#.....#


You could see a worker ant, 2 orc priests, 2 orc wizards and 5 orcs.

Vanquished Creatures
  A bullfrog skeleton (D:4)
  A hound (D:4)
  An iguana (D:4)
  A worker ant (D:4)
  3 gnolls
  6 adders
  2 oozes
  A dart slug (D:2)
  A leopard gecko (D:2)
  A giant cockroach (D:3)
  8 goblins
  7 hobgoblins
  2 jackals (D:4)
  A quokka (D:4)
  2 ball pythons (D:2)
  2 bats
  A frilled lizard (D:1)
  5 kobolds
  3 rats
49 creatures vanquished.

Notes
Turn   | Place    | Note
-------+----------+-------------------------------------------
     0 | D:1      | letownia2 the Merfolk Venom Mage began the quest for the Orb.
     0 | D:1      | Reached XP level 1. HP: 13/13 MP: 3/3
    25 | D:1      | Reached skill level 1 in Conjurations
    94 | D:1      | Reached XP level 2. HP: 2/19 MP: 0/5
   168 | D:1      | Learned a level 2 spell: Poisonous Vapours
   409 | D:2      | Found a faded altar of an unknown god.
   429 | D:2      | Reached XP level 3. HP: 23/24 MP: 2/6
   584 | D:2      | Found a stormy altar of Qazlal.
   602 | D:2      | Reached XP level 4. HP: 30/30 MP: 2/7
   842 | D:2      | Learned a level 3 spell: Mephitic Cloud
   930 | D:3      | Noticed Mgcat's ghost (amateur MiBe)
   992 | D:4      | Reached XP level 5. HP: 30/36 MP: 2/8
  1029 | D:4      | Reached skill level 1 in Fighting
  1076 | D:4      | Reached skill level 1 in Air Magic
  1143 | D:4      | Reached XP level 6. HP: 39/43 MP: 1/9
  1425 | D:4      | HP: 2/44 [orc wizard/magic dart (8)]
  1426 | D:4      | Slain by an orc wizard

Skill      XL: |  1  2  3  4  5 |
---------------+----------------+-----
Conjurations   | 1 2 |  2.5
Dodging        | 3 4 |  4.6
Poison Magic   | 4 |  4.1
Fighting       | 1 |  1.7
Air Magic      | 1 |  1.1
Stealth        | |  2.3
Spellcasting   | |  2.5

Action                   |  1- 3 |  4- 6 || total
-------------------------+-------+-------++-------
Melee: Short sword       |    26 |    83 ||   109
       Tailslap          |     2 |       ||     2
 Cast: Sting             |    15 |    11 ||    26
       Poisonous Vapours |     9 |    21 ||    30
  Use: Scroll            |       |     3 ||     3
       Potion            |       |     1 ||     1
  Eat: Chunk             |       |     4 ||     4
Armor: Leather armour    |     6 |    21 ||    27
Dodge: Dodged            |    13 |    69 ||    82
